Map: Traitor's Exile

Players

Nightmare - Winner!

  • Race: Protoss Protoss
  • Spawn Location: 9:00

XxDepravity - Winner!

  • Race: Zerg Zerg
  • Spawn Location: 12:00

IronBattery

  • Race: Terran Terran
  • League: Gold
  • Spawn Location: 5:00

Korgo

  • Race: Zerg Zerg
  • League: Gold
  • Spawn Location: 6:00

VOD

Have the link to the VOD?

Description

2v2 With Eman

Time

  • Played on: Nov. 3, 2018, 1:31 p.m.
  • Length: 17:44
Show
View Real Time Build Order
Export as new Build Order

Nightmare Protoss - Winner!

Build Orders:  

Get SALT Encoding   

  12  0:01  Probe  
  13  0:13  Probe  
  14  0:18  Pylon  
  14  0:25  Probe  
  15  0:37  Probe  
  15  0:41  Gateway  
  16  0:50  Probe  
  17  0:59  Assimilator  
  17  1:02  Probe  
  18  1:10  Pylon  
  18  1:14  Probe  
  18  1:16  Forge  
  19  1:26  Probe  
  19  1:30  Cybernetics Core  
  20  1:43  Assimilator  
  20  1:54  Probe  
  20  1:59  Pylon  
  21  2:06  Probe  
  22  2:18  Probe  
  22  2:19  Nexus  
  23  2:32  Stargate  
  23  2:42  Photon Cannon  
  23  2:50  Photon Cannon  
  23  2:54  Pylon  
  23  3:08  Pylon, Void Ray  
  27  3:28  Photon Cannon  
  27  3:40  Photon Cannon  
  27  3:50  Void Ray  
  27  3:57  Photon Cannon  
  27  3:59  Shield Battery  
  27  4:02  Protoss Air Weapons Level 1  
  30  4:45  Void Ray  
  33  4:58  Probe  
  34  5:10  Probe  
  35  5:28  Void Ray  
  35  5:33  Nexus  
  39  6:00  Stargate  
  39  6:09  Pylon  
  39  6:11  Void Ray  
  39  6:12  Pylon  
  39  7:05  Void Ray x2  
  47  7:09  Probe x2  
  45  7:17  Probe x2  
  47  7:25  Probe x2  
  49  7:36  Probe  
  41  7:40  Probe  
  39  7:45  Photon Cannon  
  39  7:47  Void Ray  
  39  7:48  Probe  
  44  7:52  Probe  
  44  7:53  Void Ray  
  49  8:00  Probe  
  49  8:02  Probe  
  50  8:10  Probe  
  50  8:12  Probe  
  53  8:20  Probe  
  53  8:24  Probe  
  55  8:27  Assimilator  
  55  8:33  Assimilator  
  55  8:37  Void Ray  
  55  8:39  Void Ray  
  63  9:20  Void Ray  
  67  9:29  Void Ray  
  71  9:37  Nexus  
  71  9:39  Pylon  
  71  9:42  Pylon  
  71  9:44  Assimilator  
  71  9:45  Assimilator  
  67  10:02  Pylon  
  67  10:16  Protoss Air Armor Level 1  
  67  10:18  Void Ray  
  59  10:22  Void Ray  
  67  10:33  Stargate  
  67  10:37  Fleet Beacon  
  67  10:46  Probe  
  67  10:47  Protoss Shields Level 1  
  67  10:49  Probe x2  
  70  10:54  Probe, Void Ray  
  70  11:01  Probe x2  
  77  11:07  Void Ray  
  81  11:17  Pylon  
  81  11:19  Probe x3  
  84  11:43  Photon Cannon  
  84  11:44  Mothership  
  84  11:45  Photon Cannon  
  84  11:52  Void Ray x2  
  92  12:06  Probe x2  
  92  12:08  Protoss Air Weapons Level 2  
  102  12:18  Probe  
  103  12:23  Void Ray  
  107  12:30  Probe x2  
  107  12:34  Graviton Catapult  
  109  12:42  Probe  
  109  12:43  Probe  
  111  12:51  Carrier  
  111  12:54  Probe  
  111  12:55  Probe  
  119  12:59  Cybernetics Core  
  119  13:06  Probe  
  119  13:07  Probe  
  121  13:16  Pylon  
  121  13:17  Pylon  
  121  13:23  Carrier x2  
  121  13:29  Pylon  
  133  13:50  Pylon  
  133  13:52  Pylon  
  133  13:54  Pylon  
  133  13:57  Pylon  
  133  14:04  Pylon  
  133  14:09  Carrier  
  139  14:39  Nexus, Carrier  
  139  14:40  Assimilator  
  139  14:45  Protoss Air Weapons Level 3  
  139  14:49  Carrier  
  151  14:57  Protoss Air Armor Level 2  
  151  15:23  Pylon  
  151  15:26  Pylon  
  151  15:28  Pylon  
  151  15:30  Assimilator  
  151  15:35  Carrier  
  157  16:05  Tempest  
  163  16:15  Tempest  
  131  16:47  Tempest  
  137  16:57  Void Ray  
  137  17:01  Void Ray  
Show
View Real Time Build Order
Export as new Build Order

XxDepravity Zerg - Winner!

Build Orders: Hatch First, Lurkers 

Get SALT Encoding   

  12  0:04  Drone  
  13  0:16  Overlord  
  13  0:31  Drone  
  14  0:45  Drone x3  
  17  1:02  Hatchery  
  16  1:09  Drone x2  
  18  1:13  Extractor  
  17  1:33  Spawning Pool  
  16  1:50  Drone x3  
  19  2:27  Drone x2  
  19  2:29  Queen  
  23  2:30  Queen  
  25  2:43  Spine Crawler  
  23  2:51  Zergling x6  
  23  2:52  Zergling x2  
  26  2:59  Drone x2  
  26  3:02  Drone  
  27  3:16  Drone  
  27  3:17  Drone  
  28  3:21  Spine Crawler  
  28  3:23  Spine Crawler, Queen  
  21  3:36  Roach Warren  
  21  3:40  Spine Crawler  
  19  3:53  Drone x2  
  19  3:54  Drone  
  22  4:07  Drone x3  
  22  4:08  Drone  
  26  4:22  Spine Crawler  
  25  4:24  Spine Crawler  
  25  4:26  Zergling x2  
  25  4:35  Queen  
  26  4:43  Roach  
  27  5:07  Overlord  
  27  5:19  Lair  
  27  5:25  Queen  
  29  5:43  Zergling x2  
  29  5:44  Zergling x12, Overlord  
  29  5:45  Overlord  
  36  6:20  Metabolic Boost  
  36  6:21  Glial Reconstitution  
  33  6:43  Roach x5  
  33  6:45  Drone  
  44  6:51  Overlord x2  
  44  7:09  Queen  
  44  7:15  Drone  
  44  7:16  Drone x5  
  44  7:20  Lair  
  50  7:30  Extractor  
  50  7:34  Drone x2  
  50  7:35  Hydralisk Den  
  50  7:47  Burrow  
  50  7:51  Drone x2, Overlord  
  52  7:52  Drone  
  53  8:01  Overlord  
  53  8:28  Hatchery  
  53  8:29  Extractor  
  53  8:33  Drone x3  
  53  8:34  Drone x3  
  57  8:35  Extractor  
  57  8:40  Extractor  
  55  8:52  Overseer  
  55  8:53  Overseer  
  55  8:55  Hydralisk x3  
  57  8:57  Roach  
  63  9:10  Lurker Den  
  62  9:18  Drone x5  
  67  9:31  Evolution Chamber  
  66  9:32  Evolution Chamber  
  66  9:36  Evolution Chamber  
  66  9:37  Pneumatized Carapace  
  64  9:42  Drone x2  
  62  10:13  Hydralisk x2  
  62  10:14  Hydralisk x3  
  54  10:30  Hydralisk x4  
  62  10:41  Lurker x2  
  64  10:48  Drone  
  65  10:50  Drone x3  
  65  10:51  Hydralisk x4  
  65  10:55  Muscular Augments  
  68  11:00  Zerg Ground Armor Level 1  
  68  11:16  Lurker x3  
  71  11:25  Drone  
  71  11:26  Drone x6  
  71  11:27  Drone x2  
  74  11:47  Zergling x2  
  74  11:48  Zergling x14  
  82  12:07  Spore Crawler  
  81  12:10  Spore Crawler  
  81  12:13  Spore Crawler  
  81  12:14  Spore Crawler x2  
  77  12:16  Spore Crawler  
  76  12:32  Zerg Melee Weapons Level 1, Zerg Missile Weapons Level 1  
  76  12:42  Drone, Infestation Pit  
  76  12:43  Drone x6  
  82  12:49  Overlord x4  
  82  12:59  Overseer  
  74  13:12  Overseer  
  74  13:25  Hydralisk x5  
  74  13:26  Hydralisk x3  
  90  13:43  Hydralisk x5  
  90  13:44  Hydralisk x2  
  104  13:54  Hive  
  104  14:00  Zerg Ground Armor Level 2  
  104  14:32  Zerg Melee Weapons Level 2, Zerg Missile Weapons Level 2  
  104  14:35  Grooved Spines  
  104  14:49  Extractor  
  104  14:52  Overseer  
  103  14:54  Hydralisk  
  103  14:56  Overlord x5  
  105  15:43  Hydralisk  
  105  15:44  Hydralisk x6  
  105  15:45  Hydralisk x2  
  123  16:07  Ultralisk Cavern  
  120  16:42  Drone  
  120  16:43  Drone x11  
  91  17:23  Zergling x2  
  91  17:24  Zergling x22  
  91  17:26  Drone  
Show
View Real Time Build Order
Export as new Build Order

IronBattery Terran 

Build Orders: Reaper Expand 

Get SALT Encoding   

  12  0:03  SCV  
  13  0:15  SCV  
  13  0:19  Supply Depot  
  14  0:31  SCV  
  15  0:42  Barracks  
  15  0:43  SCV  
  16  0:54  Refinery  
  16  0:55  SCV  
  17  1:07  SCV  
  18  1:19  SCV  
  19  1:32  Orbital Command  
  19  1:39  Reaper  
  20  1:45  Command Center  
  20  1:58  Barracks  
  20  2:00  SCV  
  21  2:09  Refinery  
  21  2:11  Barracks Reactor  
  21  2:12  SCV  
  22  2:19  Supply Depot  
  22  2:28  SCV  
  23  2:41  SCV  
  24  2:52  Marine  
  24  2:53  Marine  
  26  3:00  Marine  
  27  3:10  Marine  
  28  3:32  SCV  
  28  3:33  Orbital Command  
  29  3:35  Barracks Tech Lab  
  29  3:43  Supply Depot, Factory  
  29  3:44  SCV  
  29  3:45  Marine x2  
  29  3:46  Supply Depot, Engineering Bay  
  32  3:57  SCV  
  33  4:04  Marine x3  
  33  4:09  SCV, Stimpack  
  37  4:22  Marine  
  34  5:01  Marine x3  
  34  5:06  Factory Reactor  
  37  5:12  Starport, Missile Turret  
  37  5:16  Missile Turret  
  37  5:17  SCV x2  
  39  5:22  Marine x3  
  42  5:29  SCV x2  
  43  5:40  Marine x3  
  46  5:57  Marine, Factory Tech Lab  
  46  5:58  Marine  
  46  6:00  Medivac x2  
  52  6:12  Marine  
  52  6:15  Marine  
  52  6:17  Terran Infantry Weapons Level 1  
  54  6:20  Armory  
  54  6:23  Engineering Bay  
  54  6:30  Medivac  
  30  7:04  Marine x3  
  30  7:05  Siege Tank  
  35  7:18  Viking  
  35  7:19  Viking  
  35  7:21  Marine  
  35  7:22  Marine x2  
  37  7:39  Marine x2  
  37  7:40  Marine  
  40  7:46  Terran Infantry Armor Level 1  
  40  7:51  Viking  
  40  7:57  Marine x3  
  45  8:15  Marine, Command Center  
  45  8:18  Combat Shield  
  46  8:28  Marine  
  47  8:35  Supply Depot  
  47  8:36  Supply Depot x2  
  47  8:40  Supply Depot  
  47  8:47  Terran Ship Weapons Level 1  
  47  8:57  Marine x2, Viking  
  51  9:04  Marine  
  51  9:07  Medivac  
  54  9:13  Refinery  
  54  9:15  Refinery, Marine  
  55  9:20  Marine  
  55  9:22  Marine  
  57  9:33  Marine  
  57  9:34  Siege Tank  
  55  10:00  Viking x2  
  53  10:18  Marine x2  
  53  10:19  Marine  
  56  10:29  Orbital Command  
  56  10:30  SCV, Viking  
  59  10:36  Marine x2  
  61  10:43  SCV  
  61  10:45  Viking  
  64  10:55  SCV  
  65  10:58  Marine x2  
  65  10:59  Marine  
  65  11:00  Viking  
  70  11:16  Barracks  
  63  12:03  Marine x3  
  63  12:20  Marine  
  63  12:21  Marine x2, Siege Tank  
  69  12:24  Barracks Reactor  
  69  12:27  SCV  
  69  12:28  SCV  
  71  12:38  Marine  
  71  12:42  Barracks  
  72  12:53  Siege Tank  
  75  13:01  SCV x2  
  77  13:13  SCV x2  
  79  13:32  Marine x2  
  79  13:33  Marine  
  80  13:36  Barracks Reactor  
  80  13:50  Marine x2  
  80  13:51  Siege Tank  
  80  13:52  Viking  
  87  13:57  Medivac  
  89  14:07  SCV x2  
  91  14:19  SCV  
  91  14:23  Supply Depot  
  92  14:27  Supply Depot  
  92  14:28  Supply Depot, Liberator  
  92  14:37  Liberator  
  92  14:45  Siege Tank  
  98  14:47  Supply Depot  
  101  15:12  Unknown x2  
  101  15:13  Unknown  
  101  15:22  Marine  
  101  15:23  Marine x6  
  101  15:27  Liberator  
  101  15:28  Liberator  
  108  15:40  Marine  
  109  15:59  Marine x3  
  109  16:00  Marine  
  109  16:01  Siege Tank  
  61  16:50  Marine x7  
  59  17:07  Marine  
  59  17:08  Marine x5  
  51  17:15  Marine  
  40  17:26  Marine x2  
Show
View Real Time Build Order
Export as new Build Order

Korgo Zerg 

Build Orders: Pool First 

Get SALT Encoding   

  12  0:09  Drone x2  
  14  0:17  Overlord  
  14  0:32  Extractor  
  13  0:41  Drone  
  13  0:42  Spawning Pool  
  13  0:46  Drone  
  14  0:56  Drone x2  
  16  1:12  Drone  
  16  1:15  Drone  
  18  1:26  Drone  
  18  1:31  Queen  
  21  1:35  Metabolic Boost  
  21  1:37  Zergling x2  
  22  1:47  Overlord  
  22  2:12  Lair  
  22  2:17  Zergling x2  
  22  2:18  Zergling x2  
  24  2:38  Zergling x2  
  24  2:39  Zergling x2  
  26  2:44  Hatchery, Baneling Nest  
  26  2:49  Zergling x6  
  27  2:53  Zergling x2  
  27  3:27  Zergling x8  
  27  3:29  Overlord  
  30  3:50  Zergling x4  
  32  3:56  Zergling x2  
  33  4:07  Zergling x2  
  34  4:25  Drone  
  34  4:26  Drone x4  
  31  4:58  Drone x2  
  31  4:59  Drone  
  27  5:01  Hydralisk Den  
  27  5:03  Drone x3, Extractor  
  27  5:16  Spore Crawler  
  27  5:18  Drone  
  27  5:19  Drone, Spore Crawler  
  27  5:20  Spore Crawler  
  26  5:22  Queen  
  26  5:23  Drone x3  
  26  5:24  Drone  
  32  5:29  Extractor  
  32  5:30  Extractor  
  30  5:47  Hydralisk  
  30  5:48  Hydralisk x4  
  40  5:54  Drone x2  
  40  5:55  Drone  
  43  6:03  Drone  
  44  6:08  Overlord x2  
  44  6:24  Evolution Chamber  
  44  6:25  Drone  
  44  6:26  Drone, Evolution Chamber  
  44  6:27  Evolution Chamber  
  44  6:29  Drone  
  44  6:35  Zergling x6  
  47  6:45  Zergling x2  
  47  6:46  Hydralisk  
  48  6:47  Hydralisk  
  52  7:17  Hydralisk x4  
  60  7:27  Overlord x2  
  54  7:39  Hydralisk  
  54  7:40  Hydralisk x3  
  60  7:48  Hydralisk  
  60  7:49  Hydralisk x2  
  66  7:57  Overlord x2  
  66  8:05  Queen  
  68  8:13  Zerg Missile Weapons Level 1  
  68  8:14  Zerg Ground Armor Level 1  
  68  8:23  Drone  
  68  8:25  Drone x4  
  73  8:29  Drone  
  73  8:30  Drone  
  75  8:48  Drone x3  
  77  8:49  Drone x3  
  81  8:59  Overlord x2  
  81  9:02  Pneumatized Carapace  
  81  9:14  Spire  
  80  9:25  Infestation Pit  
  80  9:26  Hydralisk x3  
  80  9:27  Hydralisk  
  87  9:51  Hatchery  
  82  9:59  Hydralisk  
  80  10:00  Hydralisk x5  
  78  10:14  Hydralisk x3  
  76  10:21  Hydralisk  
  76  10:22  Hydralisk  
  76  10:26  Zerg Missile Weapons Level 2  
  80  11:06  Hatchery  
  79  11:24  Drone  
  79  11:25  Drone x13  
  93  11:32  Hydralisk  
  94  12:02  Hydralisk  
  94  12:03  Hydralisk x8  
  94  12:07  Overlord x6  
  112  12:18  Queen  
  114  12:32  Drone x10  
  124  12:41  Extractor  
  124  12:42  Zergling x2, Extractor  
  124  12:43  Zergling x2  
  124  12:58  Hydralisk x7  
  124  12:59  Hydralisk x3  
  124  13:00  Swarm Host  
  147  13:08  Drone x2  
  149  13:27  Zerg Ground Armor Level 2  
  149  13:37  Infestation Pit  
  147  13:56  Burrow  
  147  13:57  Drone x5  
  147  13:58  Drone x5  
  147  14:02  Hydralisk x5  
  159  14:04  Extractor  
  159  14:05  Extractor, Overlord x9  
  165  14:29  Zergling x2  
  165  14:30  Zergling x18  
  175  14:44  Drone x3  
  175  14:45  Drone  
  179  14:52  Zergling x6  
  182  14:53  Zergling x12  
  182  14:58  Baneling x12  
  182  14:59  Baneling x16  
  188  15:02  Centrifical Hooks  
  188  15:05  Zergling x18  
  197  15:26  Drone x3  
  200  15:48  Baneling x3  
  200  15:49  Baneling x30  
  200  15:50  Baneling x3  
  200  16:11  Overseer  
  200  16:12  Overseer x4  
  133  16:39  Hydralisk  
  121  16:40  Hydralisk x20  
  133  17:01  Hydralisk x7  
  98  17:26  Overseer x8  
Tags
 
Add a new tag
Caveats
  • Supply blocks, unpowered buildings, or Contaminate may cause inaccurate times.
  • Supply counts are checked every 10 seconds.